| TOP OF THE 1ST |
|---|
| Arizona Wildcats batting - Pitching for Kansas Jayhawks : RHP Josh Hale | | Pitching: RHP Josh Hale | | | Batting: RHB Mike Bresky | 0-0: Swinging Strike 0-1: Bunted foul 0-2: Foul Ball, location: 2F 0-2: Ball 1-2: SINGLE (Groundball, 6D) | | Batting: RHB Tim O'Hara | 0-0: Called Strike 0-1: Foul Ball, location: 2F 0-2: Ball 1-2: Strikes out looking | | Batting: RHB Jason Bailey | 0-0: Called Strike Mike Bresky steals 2nd base 0-1: Foul Ball, location: 2F 0-2: Ball 1-2: Foul Ball, location: 2F 1-2: Ball 2-2: Foul Ball, location: 2F 2-2: Strikes out swinging | | Batting: LHB Jeff Eichler | 0-0: Ball 1-0: Called Strike 1-1: Foul Ball, location: 2F 1-2: Foul Ball, location: 2F 1-2: SINGLE (Line Drive, 8LS) Mike Bresky to third | | Batting: RHB Austin Elder | 0-0: Called Strike Passed Ball! Mike Bresky scores Jeff Eichler to second 0-1: Ball 1-1: Called Strike 1-2: Foul Ball, location: 2F 1-2: Ball 2-2: Strikes out swinging | | Top of the 1st over - 1 run, 2 hits, 0 errors, 1 left on base; Arizona 1 - Kansas 0 | | BOTTOM OF THE 1ST |
|---|
| Kansas Jayhawks batting - Pitching for Arizona Wildcats : RHP Jacob Shipley | | Pitching: RHP Jacob Shipley | | | Batting: LHB Richard Allen | 0-0: Ball 1-0: Foul Ball, location: 2F 1-1: Bunted foul 1-2: Fly out, F9 (Flyball, 9S) | | Batting: RHB Matt Ingersoll | 0-0: Ball 1-0: Called Strike 1-1: Foul Ball, location: 2F 1-2: Foul Ball, location: 2F 1-2: SINGLE (Line Drive, 56) | | Batting: LHB B.J. Thomas | 0-0: Ball 1-0: Ball 2-0: Ball 3-0: Called Strike 3-1: Base on Balls Matt Ingersoll to second | | Batting: RHB Adam Suman | 0-0: Ball 1-0: Foul Ball, location: 2F 1-1: Foul Ball, location: 2F 1-2: Grounds into double play, 4-6-3 (Groundball, 4) | | Bottom of the 1st over - 0 runs, 1 hit, 0 errors, 1 left on base; Arizona 1 - Kansas 0 | | TOP OF THE 2ND |
|---|
| Arizona Wildcats batting - Pitching for Kansas Jayhawks : RHP Josh Hale | | Batting: RHB Emanuel Bridgman | 0-0: Called Strike 0-1: Fly out, F9 (Flyball, 9) | | Batting: RHB Chris Holliday | 0-0: Called Strike 0-1: Reached on error, E6 (Groundball, 6) | | Batting: RHB Steve Scott | 0-0: Ball 1-0: Ball 2-0: Called Strike 2-1: Swinging Strike 2-2: Ball 3-2: Base on Balls Chris Holliday to second | | Batting: SHB Ken Kinley | 0-0: Ball 1-0: Called Strike 1-1: Called Strike 1-2: Ball 2-2: Foul Ball, location: 2F 2-2: Ball 3-2: Strikes out swinging | | Batting: RHB Mike Bresky | 0-0: SINGLE (Groundball, 56D) Chris Holliday to third Steve Scott to second Runner from 3rd tries for Home, SAFE, no throw | | Batting: RHB Tim O'Hara | 0-0: Called Strike 0-1: Swinging Strike 0-2: Ball 1-2: Ground out 3-1 (Groundball, 34S) | | Top of the 2nd over - 1 run, 1 hit, 1 error, 2 left on base; Arizona 2 - Kansas 0 | | BOTTOM OF THE 2ND |
|---|
| Kansas Jayhawks batting - Pitching for Arizona Wildcats : RHP Jacob Shipley | | Batting: RHB Kevin Schreiner | 0-0: Foul Ball, location: 2F 0-1: Ball 1-1: Fly out, F9 (Flyball, 9S) | | Batting: RHB Hector Anderson | 0-0: Foul Ball, location: 2F 0-1: Swinging Strike 0-2: Ball 1-2: Strikes out looking | | Batting: RHB Matt Rhein | 0-0: Ball 1-0: Ball 2-0: Ball 3-0: Base on Balls | | Batting: RHB Monte Ortiz | 0-0: Ball 1-0: SINGLE (Groundball, 34D) Matt Rhein to second Runner from 2nd tries for 3rd, SAFE, no throw | | Batting: RHB Andy Ryan | 0-0: Ball 1-0: Called Strike 1-1: Called Strike 1-2: Ball 2-2: Ground out 4-3 (Groundball, 4) | | Bottom of the 2nd over - 0 runs, 1 hit, 0 errors, 2 left on base; Arizona 2 - Kansas 0 | | TOP OF THE 3RD |
|---|
| Arizona Wildcats batting - Pitching for Kansas Jayhawks : RHP Josh Hale | | Batting: RHB Jason Bailey | 0-0: Called Strike 0-1: Called Strike 0-2: Fly out, F4 (Popup, 4MS) | | Batting: LHB Jeff Eichler | 0-0: DOUBLE (Line Drive, 89M) | | Batting: RHB Austin Elder | 0-0: Ball 1-0: Ball 2-0: Ball 3-0: Called Strike 3-1: Base on Balls | | Batting: RHB Emanuel Bridgman | 0-0: Swinging Strike 0-1: Swinging Strike 0-2: Foul Ball, location: 2F 0-2: Strikes out looking | | Batting: RHB Chris Holliday | 0-0: SINGLE (Groundball, 3L) (infield hit) Jeff Eichler to third Austin Elder to second | | Batting: RHB Steve Scott | 0-0: Ball 1-0: Ball 2-0: Ball 3-0: Called Strike 3-1: Ground out 4-3 (Groundball, 4) | | Top of the 3rd over - 0 runs, 2 hits, 0 errors, 3 left on base; Arizona 2 - Kansas 0 | | BOTTOM OF THE 3RD |
|---|
| Kansas Jayhawks batting - Pitching for Arizona Wildcats : RHP Jacob Shipley | | Batting: LHB Richard Allen | 0-0: Called Strike 0-1: Called Strike 0-2: Ball 1-2: Ball 2-2: Ball 3-2: Strikes out swinging | | Batting: RHB Matt Ingersoll | 0-0: Ball 1-0: DOUBLE (Line Drive, 7LM) | | Batting: LHB B.J. Thomas | 0-0: Called Strike 0-1: Ball 1-1: Ball 2-1: Foul Ball, location: 2F 2-2: Ball 3-2: Strikes out looking | | Batting: RHB Adam Suman | 0-0: Fly out, F9 (Flyball, 89S) | | Bottom of the 3rd over - 0 runs, 1 hit, 0 errors, 1 left on base; Arizona 2 - Kansas 0 | | TOP OF THE 4TH |
|---|
| Arizona Wildcats batting - Pitching for Kansas Jayhawks : RHP Josh Hale | | Batting: SHB Ken Kinley | 0-0: Called Strike 0-1: Foul Ball, location: 2F 0-2: Ball 1-2: Ball 2-2: Foul Ball, location: 2F 2-2: Ground out 4-3 (Groundball, 4) | | Batting: RHB Mike Bresky | 0-0: Ball 1-0: Ground out 1-3 (Groundball, 15) | | Batting: RHB Tim O'Hara | 0-0: Ground out 6-3 (Groundball, 6) | | Top of the 4th over - 0 runs, 0 hits, 0 errors, 0 left on base; Arizona 2 - Kansas 0 | | BOTTOM OF THE 4TH |
|---|
| Kansas Jayhawks batting - Pitching for Arizona Wildcats : RHP Jacob Shipley | | Batting: RHB Kevin Schreiner | 0-0: Ball 1-0: Fly out, F8 (Flyball, 8RS) | | Batting: RHB Hector Anderson | 0-0: Ball 1-0: Ball 2-0: Ball 3-0: Called Strike 3-1: Called Strike 3-2: Strikes out swinging | | Batting: RHB Matt Rhein | 0-0: Ball 1-0: Ball 2-0: SINGLE (Groundball, 4MD) | | Batting: RHB Monte Ortiz | 0-0: Swinging Strike 0-1: Ball 1-1: Ball 2-1: SINGLE (Groundball, 6MD) Matt Rhein to second | | Batting: RHB Andy Ryan | 0-0: Swinging Strike 0-1: Foul Ball, location: 2F 0-2: Ball 1-2: Foul Ball, location: 2F 1-2: Ball 2-2: Strikes out looking | | Bottom of the 4th over - 0 runs, 2 hits, 0 errors, 2 left on base; Arizona 2 - Kansas 0 | | TOP OF THE 5TH |
|---|
| Arizona Wildcats batting - Pitching for Kansas Jayhawks : RHP Josh Hale | | Batting: RHB Jason Bailey | 0-0: SINGLE (Flyball, 78S) | | Batting: LHB Jeff Eichler | 0-0: Ball 1-0: Foul Ball, location: 2F 1-1: Fly out, F7 (Flyball, 7D) | | Batting: RHB Austin Elder | 0-0: Swinging Strike 0-1: Ball 1-1: Ball 2-1: Ball 3-1: Swinging Strike 3-2: Base on Balls Jason Bailey to second | | Batting: RHB Emanuel Bridgman | 0-0: Ball 1-0: Ball 2-0: Ball 3-0: Called Strike 3-1: Foul Ball, location: 2F 3-2: Strikes out looking | | Batting: RHB Chris Holliday | 0-0: Called Strike 0-1: Ball 1-1: Called Strike 1-2: Fly out, F7 (Flyball, 78M) | | Top of the 5th over - 0 runs, 1 hit, 0 errors, 2 left on base; Arizona 2 - Kansas 0 | | BOTTOM OF THE 5TH |
|---|
| Kansas Jayhawks batting - Pitching for Arizona Wildcats : RHP Jacob Shipley | | Batting: LHB Richard Allen | 0-0: Called Strike 0-1: Swinging Strike 0-2: Foul Ball, location: 2F 0-2: Ball 1-2: Strikes out swinging | | Batting: RHB Matt Ingersoll | 0-0: Swinging Strike 0-1: Ground out 6-3 (Groundball, 6) | | Batting: LHB B.J. Thomas | 0-0: Fly out, F8 (Line Drive, 8RM) | | Bottom of the 5th over - 0 runs, 0 hits, 0 errors, 0 left on base; Arizona 2 - Kansas 0 | | TOP OF THE 6TH |
|---|
| Arizona Wildcats batting - Pitching for Kansas Jayhawks : RHP Josh Hale | | Batting: RHB Steve Scott | 0-0: Called Strike 0-1: Fly out, F5 (Popup, 56S) | | Batting: SHB Ken Kinley | 0-0: Ball 1-0: Ball 2-0: Ball 3-0: Base on Balls | | Pitching: LHP Billy Ringle | | | Batting: RHB Mike Bresky | 0-0: Foul Ball, location: 2F 0-1: Ground out 6-3 (Groundball, 6S) Ken Kinley to second | | Batting: RHB Tim O'Hara | 0-0: Ball 1-0: Swinging Strike 1-1: Foul Ball, location: 2F 1-2: Strikes out swinging | | Top of the 6th over - 0 runs, 0 hits, 0 errors, 1 left on base; Arizona 2 - Kansas 0 | | BOTTOM OF THE 6TH |
|---|
| Kansas Jayhawks batting - Pitching for Arizona Wildcats : RHP Jacob Shipley | | Batting: RHB Adam Suman | 0-0: Ball 1-0: Foul Ball, location: 2F 1-1: Foul Ball, location: 2F 1-2: Ball 2-2: Ball 3-2: Ground out 5-3 (Groundball, 56S) | | Batting: RHB Kevin Schreiner | 0-0: Swinging Strike 0-1: Swinging Strike 0-2: Foul Ball, location: 2F 0-2: Foul Ball, location: 2F 0-2: Ball 1-2: Foul Ball, location: 2F 1-2: Ball 2-2: Strikes out looking | | Batting: RHB Hector Anderson | 0-0: Called Strike 0-1: Foul Ball, location: 2F 0-2: Ball 1-2: Foul Ball, location: 2F 1-2: Foul Ball, location: 2F 1-2: Ground out 4-3 (Groundball, 4) | | Bottom of the 6th over - 0 runs, 0 hits, 0 errors, 0 left on base; Arizona 2 - Kansas 0 | | TOP OF THE 7TH |
|---|
| Arizona Wildcats batting - Pitching for Kansas Jayhawks : LHP Billy Ringle | | Batting: RHB Jason Bailey | 0-0: Foul Ball, location: 2F 0-1: Fly out, F8 (Flyball, 8RM) | | Batting: LHB Jeff Eichler | 0-0: Ball 1-0: Called Strike 1-1: SINGLE (Line Drive, 6MD) | | Batting: RHB Austin Elder | 0-0: Called Strike 0-1: Ball 1-1: Swinging Strike 1-2: Ball 2-2: Fly out, F8 (Flyball, 8RD) | | Batting: RHB Emanuel Bridgman | 0-0: Ball 1-0: SINGLE (Groundball, 4D) Jeff Eichler to second Runner from 2nd tries for 3rd, SAFE, throw made to third Emanuel Bridgman to second | | Batting: RHB Chris Holliday | 0-0: Foul Ball, location: 2F 0-1: Foul Ball, location: 2F 0-2: Ground out 5-3 (Groundball, 56) | | Top of the 7th over - 0 runs, 2 hits, 0 errors, 2 left on base; Arizona 2 - Kansas 0 | | BOTTOM OF THE 7TH |
|---|
| Kansas Jayhawks batting - Pitching for Arizona Wildcats : RHP Jacob Shipley | | Batting: RHB Matt Rhein | 0-0: Ball 1-0: Ball 2-0: Fly out, F8 (Flyball, 8RM) | | Batting: RHB Monte Ortiz | 0-0: Called Strike 0-1: Ball 1-1: Reached on error, E2 (Groundball, 15S) | | Pitching: RHP Josh Christiansen | | | Batting: RHB Andy Ryan | 0-0: SINGLE (Groundball, 56D) Monte Ortiz to second | | Batting: LHB Richard Allen | 0-0: Ball 1-0: Foul Ball, location: 2F 1-1: Ball 2-1: Called Strike 2-2: Ball 3-2: Base on Balls Monte Ortiz to third Andy Ryan to second | | Pinch Hitting: LHB Jorge Ramirez | 0-0: Called Strike 0-1: Foul Ball, location: 2F 0-2: Foul Ball, location: 2F 0-2: Ball 1-2: SINGLE (Line Drive, 4MD) Monte Ortiz scores Andy Ryan to third Richard Allen to second | | Pinch Hitting: SHB Charlie Polanco | 0-0: Ball 1-0: Foul Ball, location: 2F 1-1: Called Strike 1-2: Strikes out swinging | | Batting: RHB Adam Suman | 0-0: Hit by Pitch Andy Ryan scores Richard Allen to third Jorge Ramirez to second | | Batting: RHB Kevin Schreiner | 0-0: Ground out 5-3 (Groundball, 56S) | | Bottom of the 7th over - 2 runs, 2 hits, 1 error, 3 left on base; Arizona 2 - Kansas 2 | | TOP OF THE 8TH |
|---|
| Arizona Wildcats batting - Pitching for Kansas Jayhawks : LHP Billy Ringle | | Pitching: RHP Ralph Carnes | | | Now at 1B: Jorge Ramirez | | | Now at 3B: Charlie Polanco | | | Batting: RHB Steve Scott | 0-0: Called Strike 0-1: Ball 1-1: Ground out 6-3 (Groundball, 6) | | Batting: SHB Ken Kinley | 0-0: Ground out 6-3 (Groundball, 6M) | | Batting: RHB Mike Bresky | 0-0: SINGLE (Groundball, 34D) | | Batting: RHB Tim O'Hara | 0-0: Called Strike 0-1: Ball 1-1: Foul Ball, location: 2F 1-2: Fielders Choice at 2nd, 5-4 (Groundball, 5) | | Top of the 8th over - 0 runs, 1 hit, 0 errors, 1 left on base; Arizona 2 - Kansas 2 | | BOTTOM OF THE 8TH |
|---|
| Kansas Jayhawks batting - Pitching for Arizona Wildcats : RHP Josh Christiansen | | Batting: RHB Hector Anderson | 0-0: Ball 1-0: Ball 2-0: Foul Ball, location: 2F 2-1: Called Strike 2-2: Ball 3-2: Base on Balls | | Batting: RHB Matt Rhein | 0-0: Ball 1-0: Sac Bunt - play at first, batter safe! Hector Anderson to second | | Batting: RHB Monte Ortiz | 0-0: Ball 1-0: Bunted foul 1-1: Bunted foul 1-2: Strikes out swinging | | Batting: RHB Andy Ryan | 0-0: Ball 1-0: Foul Ball, location: 2F 1-1: Foul Ball, location: 2F 1-2: Strikes out looking | | Batting: LHB Richard Allen | 0-0: Fly out, F9 (Flyball, 89D) | | Bottom of the 8th over - 0 runs, 1 hit, 0 errors, 2 left on base; Arizona 2 - Kansas 2 | | TOP OF THE 9TH |
|---|
| Arizona Wildcats batting - Pitching for Kansas Jayhawks : RHP Ralph Carnes | | Batting: RHB Jason Bailey | 0-0: Ball 1-0: Fly out, F7 (Flyball, 7LS) | | Pinch Hitting: RHB Brian Church | 0-0: Foul Ball, location: 2F 0-1: Ball 1-1: Ball 2-1: Foul Ball, location: 2F 2-2: Foul Ball, location: 2F 2-2: Foul Ball, location: 2F 2-2: Foul Ball, location: 2F 2-2: SINGLE (Line Drive, 9LS) | | Pinch Hitting: RHB Jeff Petrucci | 0-0: Ball 1-0: Ball 2-0: Called Strike 2-1: Foul Ball, location: 2F 2-2: Foul Ball, location: 2F 2-2: Foul Ball, location: 2F 2-2: Ball 3-2: Base on Balls Brian Church to second | | Pinch Runner at 2nd Ahmad Barer: | | | Batting: RHB Emanuel Bridgman | 0-0: Ball 1-0: SINGLE (Flyball, 7S) Ahmad Barer to third Jeff Petrucci to second | | Batting: RHB Chris Holliday | 0-0: Ball 1-0: Foul Ball, location: 2F 1-1: Fly out, F8 (Flyball, 8RM) Runner from 3rd tags up, OUT at HOME | | Top of the 9th over - 0 runs, 2 hits, 0 errors, 2 left on base; Arizona 2 - Kansas 2 | | BOTTOM OF THE 9TH |
|---|
| Kansas Jayhawks batting - Pitching for Arizona Wildcats : RHP Josh Christiansen | | Now at 1B: Tim Ercoli | | | Now at SS: Ahmad Barer | | | Batting: LHB Jorge Ramirez | 0-0: Ball 1-0: Ball 2-0: Ball 3-0: Called Strike 3-1: Swinging Strike 3-2: Foul Ball, location: 2F 3-2: Base on Balls | | Batting: SHB Charlie Polanco | 0-0: Ball 1-0: Called Strike 1-1: Fly out, F8 (Flyball, 8RM) | | Batting: RHB Adam Suman | 0-0: SINGLE (Groundball, 34D) Jorge Ramirez to second Runner from 2nd tries for 3rd, SAFE, no throw | | Batting: RHB Kevin Schreiner | 0-0: Swinging Strike 0-1: Ball 1-1: SINGLE (Groundball, 6MD) Jorge Ramirez scores | | Friday, October 27th, 2017 - OOTP Baseball 18.8 Build 76 |
|